 Dungeon Crawl Stone Soup version 0.27-a0-401-gea03ee85fd (webtiles) character file.

Game seed: 8748650026257380808

2804 SirBal the Cleaver (level 9, -31/78 HPs)
             Began as a Hill Orc Fighter on Feb 21, 2021.
             Was a Follower of Trog.
             Annihilated by a boulder beetle (44 damage)
             ... on level 8 of the Dungeon.
             The game lasted 02:11:56 (12518 turns).

SirBal the Cleaver (Hill Orc Fighter)              Turns: 12518, Time: 02:11:56

Health: -31/78     AC: 20    Str: 21    XL:     9   Next: 72%
Magic:  9/9        EV:  5    Int:  8    God:    Trog [*.....]
Gold:   179        SH: 16    Dex: 11    Spells: 8/8 levels left

rFire    . . .     SeeInvis .   B - +4 mace
rCold    . . .     Faith    .   c - +0 kite shield
rNeg     . . .     Spirit   .   x - +1 plate armour
rPois    +         Reflect  +   (no helmet)
rElec    .         Harm     .   L - +0 cloak
rCorr    .         Rampage  .   (no gloves)
Will     .....                  V - +0 pair of boots
Stlth    ..........             k - amulet of reflection
HPRegen  0.23/turn              q - +4 ring of protection
MPRegen  0.11/turn              R - ring of poison resistance

@: studying Crossbows
A: no striking features
a: Renounce Religion, Berserk


You were on level 8 of the Dungeon.
You worshipped Trog.
Trog was aware of your devotion.
You visited 2 branches of the dungeon, and saw 9 of its levels.

You collected 439 gold pieces.
You spent 260 gold pieces at shops.

Inventory:

Hand Weapons
 a - a +1 war axe
 l - a +3 great sword of freezing
 z - a +0 flail
 A - a +0 long sword
 B - a +4 mace (weapon)
 J - a +0 hand axe
 K - a +1 vampiric dagger
 N - a +2 rapier of venom
 O - a +0 giant club
 Q - a +0 shortbow
 S - a +0 quarterstaff
 W - a +2 spear of freezing
 X - a +0 hunting sling
 Y - a +0 war axe
 Z - a +0 morningstar
Missiles
 i - 5 curare-tipped darts
 j - 52 sling bullets
 m - 285 stones
 r - 15 poisoned darts (quivered)
 s - 2 boomerangs
 v - 43 bolts
 E - 145 arrows
Armour
 b - a +0 scale mail
 c - a +0 kite shield (worn)
 g - a +0 plate armour
 p - a +0 barding
 x - a +1 plate armour (worn)
 C - a +0 chain mail
 L - a +0 cloak (worn)
 V - a +0 pair of boots (worn)
Magical Staves
 G - a staff of poison {unknown}
Jewellery
 k - an amulet of reflection (around neck)
 q - a +4 ring of protection (left hand)
 R - a ring of poison resistance (right hand)
 T - an amulet of magic regeneration
Wands
 U - a wand of iceblast (9)
Scrolls
 h - 16 scrolls of identify
 n - 2 scrolls of teleportation
 o - a scroll of fear
 t - a scroll of amnesia
 u - a scroll of fog {unknown}
 y - 4 scrolls of random uselessness
 M - a scroll of enchant armour
 P - 2 scrolls of magic mapping
Potions
 d - 4 potions of might
 e - 3 potions of brilliance {unknown}
 f - 2 potions of magic {unknown}
 w - 3 potions of resistance
 D - a potion of invisibility {unknown}
 F - 2 potions of curing {unknown}
 H - 2 potions of heal wounds {unknown}
 I - a potion of berserk rage {unknown}


   Skills:
 + Level 6.6 Fighting
 + Level 9.9 Axes
 + Level 1.8 Throwing
 + Level 7.2 Armour
 + Level 0.8 Dodging
 + Level 1.1 Stealth
 + Level 8.5 Shields


You had 8 spell levels left.
You didn't know any spells.
Your spell library contained the following spells:

 Spells                   Type           Power        Failure   Level
 Animate Skeleton         Necr           0%           100%        1
 Apportation              Tloc           0%           100%        1
 Corona                   Hex            0%           100%        1
 Summon Small Mammal      Summ           0%           100%        1
 Ensorcelled Hibernation  Hex/Ice        0%           100%        2
 Confusing Touch          Hex            0%           100%        3
 Dazzling Flash           Conj/Hex       0%           100%        3
 Tukima's Dance           Hex            0%           100%        3


Dungeon Overview and Level Annotations

Branches:
Dungeon (8/15)             Temple (1/1) D:4            Lair (0/6) D:8

Altars:
Ashenzari
Cheibriados
Elyvilon
Hepliaklqana
Kikubaaqudgha
Makhleb
Okawaru
Qazlal
Ru
Sif Muna
Trog
Uskayaw
Vehumet
Wu Jian
Xom
Yredelemnul
The Shining One

Shops:
D:6 ?*(=   D:8 :


Message History

HP restored.
You start waiting.
Done waiting.
There is a stone staircase leading down here.
You climb downwards.
There is a stone staircase leading up here.
You start waiting.
Done waiting.
You see here a dagger.
Found Vagh's Book Shop.
There is an entrance to Vagh's Book Shop here.
The boulder beetle curls into a ball and begins rolling!
A boulder beetle is nearby!
You block the boulder beetle's attack.
The boulder beetle stops rolling and uncurls.
You hit the boulder beetle but do no damage.
The boulder beetle bites you! The boulder beetle bites you.
You hit the boulder beetle but do no damage.
The boulder beetle bites you!
You hit the boulder beetle but do no damage.
The boulder beetle closely misses you.
You hit the boulder beetle but do no damage.
The boulder beetle barely misses you.
You hit the boulder beetle but do no damage.
The boulder beetle bites you! You block the boulder beetle's attack.
You hit the boulder beetle but do no damage.
The boulder beetle waves its antennae.
The boulder beetle bites you but does no damage.
You sock the boulder beetle!
The boulder beetle is lightly wounded.
The boulder beetle bites you!
You hit the boulder beetle but do no damage.
The boulder beetle is lightly wounded.
The boulder beetle bites you!
* * * LOW HITPOINT WARNING * * *
You block the boulder beetle's attack.
The boulder beetle curls into a ball and begins rolling!
The boulder beetle hits you!!!
Ouch! That really hurt!
You die...

######.............###.#
###.### ...#
##.#####..#.......# #..#...
##.# #.# #.##.#####.#
#.#.### #.# #.# #.##.# #.#
#.#.# #.# #.# #.##.# ##.#
#.#.# #.# #.# ##.##.# #..#
#.#.### #.# #.####...#.#
#..# #.#...# #.#
#∩.......B.####..####.###.#
#.# ######..○#@........##.#
#.# ##.#
##°##.####..#.##.###.# ...#
#.○#.####..#.##.##..# ####
#°#........#.##...... #####
######.°#...............⌠.
.....
.........#..##........≈....
#####
#######..#..###.>#....≈P...
#..........#.o..P..#.
##.#.#####.#.##...'##


You could see a boulder beetle.

Vanquished Creatures
  A water moccasin (D:6)
  An orc warrior (D:8)
  A black bear (D:8)
  A necrophage (D:6)
  5 ogres
  3 centaurs
  3 phantoms
  3 bullfrogs
  A scorpion (D:5)
  3 killer bees
  8 wights
  A howler monkey (D:7)
  A centaur zombie (D:7)
  A centaur skeleton (D:6)
  2 orc priests
  3 iguanas
  8 orc wizards
  8 worker ants
  A howler monkey skeleton (D:5)
  9 adders
  A white imp (D:7)
  An ufetubus (D:4)
  4 oozes
  An adder skeleton (D:5)
  6 worms
  A dart slug (D:1)
  3 leopard geckos
  11 orcs
  6 bats
  8 giant cockroaches
  8 goblins
  8 hobgoblins
  6 jackals
  15 kobolds
  6 quokkas
  3 frilled lizards
  A quokka skeleton (D:4)
  5 rats
158 creatures vanquished.

Vanquished Creatures (others)
  6 fungi
  6 plants (D:8)
12 creatures vanquished.

Grand Total: 170 creatures vanquished

Notes
Turn   | Place    | Note
-------+----------+-------------------------------------------
     0 | D:1      | SirBal the Hill Orc Fighter began the quest for the Orb.
     0 | D:1      | Reached XP level 1. HP: 19/19 MP: 1/1
   228 | D:1      | Reached skill level 3 in Axes
   228 | D:1      | Reached XP level 2. HP: 23/27 MP: 2/2
   630 | D:2      | Reached XP level 3. HP: 32/33 MP: 3/3
  1004 | D:2      | Reached XP level 4. HP: 39/40 MP: 4/4
  1133 | D:2      | Reached skill level 4 in Axes
  2142 | D:3      | Found a faded altar of an unknown god.
  2148 | D:3      | You fall into a shaft and drop 1 floor!
  2165 | D:3      | Reached XP level 5. HP: 40/46 MP: 5/5
  2696 | D:3      | Found a hide-covered altar of Uskayaw.
  3103 | D:3      | Reached skill level 5 in Axes
  3691 | D:4      | Reached XP level 6. HP: 51/52 MP: 6/6
  4287 | D:3      | Reached skill level 5 in Armour
  4737 | D:4      | Found a staircase to the Ecumenical Temple.
  4975 | D:4      | Noticed a moth of wrath
  4979 | D:4      | Found a bloodstained altar of Trog.
  5026 | D:4      | Became a worshipper of Trog the Wrathful
  5144 | D:4      | Found an ornate altar of the Wu Jian Council.
  5476 | D:4      | Reached skill level 6 in Axes
  5476 | D:4      | Reached XP level 7. HP: 49/60 MP: 7/7
  5670 | D:5      | Entered Level 5 of the Dungeon
  5843 | Temple   | Entered the Ecumenical Temple
  6255 | D:5      | Found a shimmering blue altar of Sif Muna.
  6438 | D:5      | Found Geipse's Lightly-Used Armoury.
  6824 | D:5      | Reached skill level 5 in Shields
  7206 | D:5      | Reached skill level 1 in Throwing
  7780 | D:6      | Reached skill level 5 in Fighting
  7780 | D:6      | Reached XP level 8. HP: 68/68 MP: 8/8
  7795 | D:6      | Found Ycwus's Assorted Antiques.
  7958 | D:6      | Found Zibromm's Jewellery Shop.
  7966 | D:6      | Bought a ring of poison resistance for 260 gold pieces
  7980 | D:6      | Reached skill level 7 in Axes
  7981 | D:6      | Found a white marble altar of Elyvilon.
  8138 | D:6      | Found Nutumumi's Weapon Shoppe.
  9190 | D:6      | Found Heeli's Magic Scroll Emporium.
  9538 | D:7      | Reached skill level 8 in Axes
  9538 | D:7      | Reached skill level 1 in Stealth
  9592 | D:6      | Reached * piety under Trog
  9963 | D:7      | Reached XP level 9. HP: 72/75 MP: 9/9
 10961 | D:8      | Reached skill level 9 in Axes
 11226 | D:8      | Noticed a boulder beetle
 11484 | D:8      | Found a staircase to the Lair.
 11584 | D:8      | Found a glowing golden altar of the Shining One.
 12486 | D:8      | Found Vagh's Book Shop.
 12518 | D:8      | Annihilated by a boulder beetle

Illustrated notes

Levels and vault maps discovered:
D:1:      scummos_arrival_simple_crosswalls, layout_basic
D:2:      layout_loops_corners
D:3:      layout_basic, lemuel_doored_altar, chequers_ecumenical_altar_simple
D:4:      minmay_inner_zag, layout_rooms, kennysheep_little_box,
          minmay_temple_entry_glassed_door, tgw_trog
D:5:      layout_basic, kennysheep_mini, serial_rivers,
          chequers_serial_rivers_micro_a, chequers_serial_rivers_small_b,
          chequers_serial_rivers_room_b, chequers_serial_rivers_micro_a,
          chequers_serial_rivers_small_3, chequers_serial_rivers_micro_a,
          minmay_shop_damaged
D:6:      layout_basic, serial_co_window_serial, co_window_paths_a,
          co_window_corner_a, co_window_corner_a, co_window_paths_a,
          co_window_corner_a, co_window_broadway_c, co_window_corner_cb,
          co_window_broadway_c, co_window_sun, glass_columns_a, glass_columns_a,
          glass_columns_a, glass_columns_a, serial_shops, nicolae_shop_crystal,
          shop, shop, shop_scrolls, elyvilon_altar_1
D:7:      layout_loops_cross
D:8:      layout_loops_ring, marbit_many_paths, fedhas_altar_2,
          tso_oasis_becter, dpeg_oklobed_lair, serial_shops, shop,
          minmay_manual_mares
Temple:   dshaligram_water_room_temple

Skill      XL: |  1  2  3  4  5  6  7  8  9 |
---------------+----------------------------+-----
Axes           | 3 4 5 6 8 9 |  9.9
Fighting       | 4 5 6 |  6.6
Shields        | 4 5 7 8 |  8.5
Armour         | 4 5 6 7 |  7.2
Throwing       | 1 |  1.8
Stealth        | 1 |  1.1
Dodging        | |  0.8

Action                   |  1- 3 |  4- 6 |  7- 9 || total
-------------------------+-------+-------+-------++-------
Melee: War axe           |    78 |   238 |   326 ||   642
       Mace              |       |       |    27 ||    27
Throw: Dart              |       |    17 |    18 ||    35
       Stone             |       |     3 |     3 ||     6
  Use: Scroll            |       |       |    10 ||    10
Armor: Scale mail        |    68 |     9 |       ||    77
       Plate armour      |       |   131 |   154 ||   285
Dodge: Dodged            |    48 |    40 |    50 ||   138
Block: Kite shield       |    67 |   128 |   289 ||   484
       Reflection        |       |       |    17 ||    17

Table legend: (Time is in decaauts)
 A = Elapsed time spent in this place.
 B = Non-inter-level travel time spent in this place.
 C = Inter-level travel time spent in this place.
 D = Time resting spent in this place.
 E = Time spent auto-exploring this place.
 F = Levels seen in this place.
 G = Mean time per level.
                   A        B        C        D        E       F      G
               +--------+--------+--------+--------+--------+-----+--------+
         Total |  12820 |  12808 |     12 |   3392 |      0 |   9 | 1424.4 |
       Dungeon |  12747 |  12735 |     12 |   3392 |      0 |   8 | 1593.4 |
        Temple |     73 |     73 |      0 |      0 |      0 |   1 |   73.0 |
               +--------+--------+--------+--------+--------+-----+--------+

Top non-repeatable levels by time:
     D:3: 2717 daAuts
     D:4: 2208 daAuts
     D:6: 1946 daAuts
     D:7: 1903 daAuts
     D:5: 1321 daAuts
     D:2: 1079 daAuts
     D:8: 936 daAuts
     D:1: 633 daAuts
  Temple: 73 daAuts
